BSA
ST CHARLES SHEENS @ SO CAL HENVY
09/05/2027
 
TOP OF THE 1ST
St Charles Sheens batting - Pitching for So Cal Henvy : RHP Jeffrey King
Pitching: RHP Jeffrey King
Batting: RHB Jesús Hernández 0-0: Called Strike
0-1: Ball
1-1: Ball
2-1: DOUBLE (Line Drive, 78D)
Batting: LHB Gene Cooper 0-0: Called Strike
0-1: Called Strike
0-2: SINGLE (Line Drive, 4)
Jesús Hernández to third
Batting: LHB Larry Howard 0-0: Ball
1-0: Foul Ball, location: 2F
1-1: Fly out, F5 (Line Drive, 56)
Batting: LHB Stan Bates 0-0: Ball
1-0: Called Strike
1-1: Ball
2-1: Foul Ball, location: 2F
2-2: Ball
3-2: Base on Balls
Gene Cooper to second
Batting: RHB Max Rash 0-0: Called Strike
0-1: Ball
1-1: Called Strike
1-2: Ball
2-2: Fly out, F9 (Flyball, 9LSF)
Runner from 3rd tags up, SCORES, no throw
Batting: LHB Tanyu Imai 0-0: Foul Ball, location: 2F
0-1: Ball
1-1: Called Strike
1-2: Strikes out swinging
Top of the 1st over - 1 run(s), 2 hit(s), 0 error(s), 2 left on base; St Charles 1 - So Cal 0
BOTTOM OF THE 1ST
So Cal Henvy batting - Pitching for St Charles Sheens : LHP Ben Moody
Pitching: LHP Ben Moody
Batting: RHB Greg Handrahan 0-0: Ball
1-0: Fly out, F4 (Popup, 34D)
Batting: RHB William Richardson 0-0: Called Strike
0-1: Called Strike
0-2: Ball
1-2: Ball
2-2: Foul Ball, location: 2F
2-2: Strikes out swinging, 2-3 out at first.
Batting: RHB Earl Wiggins 0-0: Called Strike
0-1: Ball
1-1: Foul Ball, location: 2F
1-2: Ground out 6-3 (Groundball, 6)
Bottom of the 1st over - 0 run(s), 0 hit(s), 0 error(s), 0 left on base; St Charles 1 - So Cal 0
TOP OF THE 2ND
St Charles Sheens batting - Pitching for So Cal Henvy : RHP Jeffrey King
Batting: LHB Jason Lambert 0-0: Ball
1-0: Fly out, F8 (Flyball, 78S)
Batting: RHB Kel Pierce 0-0: Ball
1-0: Called Strike
1-1: Ground out 4-3 (Groundball, 4)
Batting: RHB Bill Little 0-0: Ball
1-0: Fly out, F3 (Line Drive, 3)
Top of the 2nd over - 0 run(s), 0 hit(s), 0 error(s), 0 left on base; St Charles 1 - So Cal 0
BOTTOM OF THE 2ND
So Cal Henvy batting - Pitching for St Charles Sheens : LHP Ben Moody
Batting: LHB César Valentín 0-0: Ball
1-0: Ball
2-0: Called Strike
2-1: Ball
3-1: Foul Ball, location: 2F
3-2: Fly out, F6 (Popup, 6S)
Batting: RHB Rubén Calderón 0-0: Foul Ball, location: 2F
0-1: Ball
1-1: Ball
2-1: Called Strike
2-2: Strikes out swinging
Batting: RHB Lawrence Schroeder 0-0: Called Strike
0-1: Foul Ball, location: 2F
0-2: Ball
1-2: Foul Ball, location: 2F
1-2: Foul Ball, location: 2F
1-2: Ball
2-2: Ground out 5-3 (Groundball, 56)
Bottom of the 2nd over - 0 run(s), 0 hit(s), 0 error(s), 0 left on base; St Charles 1 - So Cal 0
TOP OF THE 3RD
St Charles Sheens batting - Pitching for So Cal Henvy : RHP Jeffrey King
Batting: RHB Jesús Hernández 0-0: Ball
1-0: Fly out, F9 (Flyball, 9LS)
Batting: LHB Gene Cooper 0-0: Ground out 4-3 (Groundball, 4)
Batting: LHB Larry Howard 0-0: Called Strike
0-1: Ball
1-1: DOUBLE (Flyball, 78XD)
Batting: LHB Stan Bates 0-0: Ball
1-0: Called Strike
1-1: Ball
2-1: Ball
3-1: SINGLE (Groundball, 34D)
Larry Howard to third
Runner from 3rd tries for Home, SAFE, no throw
Batting: RHB Max Rash 0-0: Foul Ball, location: 2F
0-1: Ball
1-1: Fielders Choice at 2nd, 5-4 (Groundball, 5)
Top of the 3rd over - 1 run(s), 2 hit(s), 0 error(s), 0 left on base; St Charles 2 - So Cal 0
BOTTOM OF THE 3RD
So Cal Henvy batting - Pitching for St Charles Sheens : LHP Ben Moody
Batting: LHB Doyle Otterburn 0-0: Called Strike
0-1: Ball
1-1: Called Strike
1-2: Strikes out swinging
Batting: RHB Morgan Gibbon 0-0: Ball
1-0: Fly out, F1 (Line Drive, 13)
Batting: RHB Jonathan MacVey 0-0: Ball
1-0: SINGLE (Groundball, 56D)
Batting: RHB Greg Handrahan 0-0: Called Strike
0-1: Swinging Strike
0-2: Ball
1-2: Strikes out looking
Bottom of the 3rd over - 0 run(s), 1 hit(s), 0 error(s), 1 left on base; St Charles 2 - So Cal 0
TOP OF THE 4TH
St Charles Sheens batting - Pitching for So Cal Henvy : RHP Jeffrey King
Batting: LHB Tanyu Imai 0-0: DOUBLE (Line Drive, 9LM)
Batting: LHB Jason Lambert 0-0: Called Strike
0-1: Ball
1-1: Swinging Strike
1-2: Ball
2-2: Strikes out swinging
Batting: RHB Kel Pierce 0-0: Called Strike
0-1: Foul Ball, location: 2F
0-2: Ball
1-2: Ball
2-2: SINGLE (Line Drive, 7S)
Tanyu Imai to third
Runner from 3rd tries for Home, SAFE, no throw
Batting: RHB Bill Little 0-0: Ball
1-0: Ball
2-0: SINGLE (Groundball, 34D)
Kel Pierce to second
Runner from 2nd tries for 3rd, SAFE, throw made to third
Bill Little to second
Batting: RHB Jesús Hernández 0-0: Fly out, F9 (Flyball, 89M)
Runner from 3rd tags up, SCORES, no throw
Batting: LHB Gene Cooper 0-0: Called Strike
0-1: Ball
1-1: Swinging Strike
1-2: Ball
2-2: Strikes out looking
Top of the 4th over - 2 run(s), 3 hit(s), 0 error(s), 1 left on base; St Charles 4 - So Cal 0
BOTTOM OF THE 4TH
So Cal Henvy batting - Pitching for St Charles Sheens : LHP Ben Moody
Batting: RHB William Richardson 0-0: SINGLE (Groundball, 4D)
Batting: RHB Earl Wiggins 0-0: Grounds into double play, 6-4-3 (Groundball, 56)
Batting: LHB César Valentín 0-0: Fly out, F7 (Flyball, 7D)
Bottom of the 4th over - 0 run(s), 1 hit(s), 0 error(s), 0 left on base; St Charles 4 - So Cal 0
TOP OF THE 5TH
St Charles Sheens batting - Pitching for So Cal Henvy : RHP Jeffrey King
Pitching: RHP Yin-zhen Zong
Batting: LHB Larry Howard 0-0: Called Strike
0-1: Fly out, F8 (Flyball, 8LM)
Batting: LHB Stan Bates 0-0: Foul Ball, location: 2F
0-1: Called Strike
0-2: Foul Ball, location: 2F
0-2: Strikes out looking
Batting: RHB Max Rash 0-0: Ball
1-0: Ball
2-0: Called Strike
2-1: Foul Ball, location: 2F
2-2: Ball
3-2: Ground out 6-3 (Groundball, 6)
Top of the 5th over - 0 run(s), 0 hit(s), 0 error(s), 0 left on base; St Charles 4 - So Cal 0
BOTTOM OF THE 5TH
So Cal Henvy batting - Pitching for St Charles Sheens : LHP Ben Moody
Batting: RHB Rubén Calderón 0-0: Called Strike
0-1: Ball
1-1: Foul Ball, location: 2F
1-2: Ball
2-2: Strikes out looking
Batting: RHB Lawrence Schroeder 0-0: Called Strike
0-1: Ball
1-1: Foul Ball, location: 2F
1-2: Strikes out looking
Batting: LHB Doyle Otterburn 0-0: Called Strike
0-1: Swinging Strike
0-2: Ground out 4-3 (Groundball, 4)
Bottom of the 5th over - 0 run(s), 0 hit(s), 0 error(s), 0 left on base; St Charles 4 - So Cal 0
TOP OF THE 6TH
St Charles Sheens batting - Pitching for So Cal Henvy : RHP Yin-zhen Zong
Batting: LHB Tanyu Imai 0-0: Ball
1-0: Swinging Strike
1-1: Called Strike
1-2: Strikes out swinging
Batting: LHB Jason Lambert 0-0: Called Strike
0-1: Foul Ball, location: 2F
0-2: Fly out, F8 (Flyball, 8LS)
Batting: RHB Kel Pierce 0-0: Called Strike
0-1: Ball
1-1: Fly out, F8 (Flyball, 8RS)
Top of the 6th over - 0 run(s), 0 hit(s), 0 error(s), 0 left on base; St Charles 4 - So Cal 0
BOTTOM OF THE 6TH
So Cal Henvy batting - Pitching for St Charles Sheens : LHP Ben Moody
Batting: RHB Morgan Gibbon 0-0: Called Strike
0-1: Ball
1-1: Ball
2-1: Swinging Strike
2-2: SOLO HOME RUN (Flyball, 89XD), Distance : 383 ft
Batting: RHB Jonathan MacVey 0-0: Ball
1-0: Fly out, F9 (Flyball, 9)
Batting: RHB Greg Handrahan 0-0: Called Strike
0-1: Ball
1-1: Called Strike
1-2: Foul Ball, location: 2F
1-2: Strikes out swinging
Batting: RHB William Richardson 0-0: Called Strike
0-1: SINGLE (Groundball, 56D)
Batting: RHB Earl Wiggins 0-0: Ball
1-0: Ball
2-0: Called Strike
2-1: 2-RUN HOME RUN (Flyball, 7D), Distance : 354 ft
Batting: LHB César Valentín 0-0: Ball
1-0: Foul Ball, location: 2F
1-1: Swinging Strike
1-2: Foul Ball, location: 2F
1-2: Ball
2-2: Ball
3-2: SINGLE (Line Drive, 9S)
Batting: RHB Rubén Calderón 0-0: Ball
1-0: SINGLE (Groundball, 56D)
César Valentín to second
Batting: RHB Lawrence Schroeder 0-0: Swinging Strike
0-1: Swinging Strike
0-2: Ball
1-2: Fly out, F9 (Flyball, 9S)
Bottom of the 6th over - 3 run(s), 5 hit(s), 0 error(s), 2 left on base; St Charles 4 - So Cal 3
TOP OF THE 7TH
St Charles Sheens batting - Pitching for So Cal Henvy : RHP Yin-zhen Zong
Batting: RHB Bill Little 0-0: Ball
1-0: Called Strike
1-1: Foul Ball, location: 2F
1-2: Ball
2-2: Ball
3-2: SINGLE (Groundball, 4MD)
Batting: RHB Jesús Hernández 0-0: Ball
1-0: Bunt missed!
1-1: Ball
2-1: Bunted foul
2-2: Hit by Pitch
Bill Little to second
Batting: LHB Gene Cooper 0-0: Foul Ball, location: 2F
0-1: Ball
1-1: Fly out, F9 (Line Drive, 9)
Batting: LHB Larry Howard 0-0: Fielders Choice at 3rd, U5 (Groundball, 5L)
Jesús Hernández to second
Batting: LHB Stan Bates 0-0: Called Strike
0-1: Fly out, F7 (Flyball, 7)
Top of the 7th over - 0 run(s), 1 hit(s), 0 error(s), 2 left on base; St Charles 4 - So Cal 3
BOTTOM OF THE 7TH
So Cal Henvy batting - Pitching for St Charles Sheens : LHP Ben Moody
Batting: LHB Doyle Otterburn 0-0: Swinging Strike
0-1: Ball
1-1: Ball
2-1: Swinging Strike
2-2: SINGLE (Line Drive, 89S)
Batting: RHB Morgan Gibbon 0-0: Bunted foul
0-1: Sac Bunt - play at first, batter OUT! 5-4
Doyle Otterburn to second
Pinch Hitting: RHB Juan Valverde 0-0: Ball
1-0: Foul Ball, location: 2F
1-1: Ground out 1-3 (Groundball, 15S)
Batting: RHB Greg Handrahan 0-0: Called Strike
0-1: Foul Ball, location: 2F
0-2: Ground out 4-3 (Groundball, 4)
Bottom of the 7th over - 0 run(s), 1 hit(s), 0 error(s), 1 left on base; St Charles 4 - So Cal 3
TOP OF THE 8TH
St Charles Sheens batting - Pitching for So Cal Henvy : RHP Yin-zhen Zong
Now at SS: Fernando De La Cruz
Batting: RHB Max Rash 0-0: Swinging Strike
0-1: Called Strike
0-2: Ball
1-2: Fly out, F6 (Popup, 56D)
Batting: LHB Tanyu Imai 0-0: Ball
1-0: Called Strike
1-1: Called Strike
1-2: Ball
2-2: Foul Ball, location: 2F
2-2: Strikes out swinging
Batting: LHB Jason Lambert 0-0: Fly out, F8 (Line Drive, 8LM)
Top of the 8th over - 0 run(s), 0 hit(s), 0 error(s), 0 left on base; St Charles 4 - So Cal 3
BOTTOM OF THE 8TH
So Cal Henvy batting - Pitching for St Charles Sheens : LHP Ben Moody
Batting: RHB William Richardson 0-0: Called Strike
0-1: Swinging Strike
0-2: Strikes out looking
Batting: RHB Earl Wiggins 0-0: Fly out, F7 (Flyball, 7)
Batting: LHB César Valentín 0-0: Ball
1-0: Fly out, F3 (Line Drive, 34S)
Bottom of the 8th over - 0 run(s), 0 hit(s), 0 error(s), 0 left on base; St Charles 4 - So Cal 3
TOP OF THE 9TH
St Charles Sheens batting - Pitching for So Cal Henvy : RHP Yin-zhen Zong
Pitching: RHP Jerry Good
Batting: RHB Kel Pierce 0-0: Ball
1-0: Called Strike
1-1: Ball
2-1: Ball
3-1: Called Strike
3-2: Strikes out looking
Batting: RHB Bill Little 0-0: DOUBLE (Line Drive, 8LXD)
Pinch Hitting: LHB Marcos Cantú 0-0: Ground out 1-3 (Groundball, 13)
Bill Little to third
Batting: LHB Gene Cooper 0-0: SINGLE (Line Drive, 6D)
Bill Little scores
Batting: LHB Larry Howard 0-0: Ball
1-0: Called Strike
1-1: Called Strike
1-2: Fly out, F5 (Popup, 5D)
Top of the 9th over - 1 run(s), 2 hit(s), 0 error(s), 1 left on base; St Charles 5 - So Cal 3
BOTTOM OF THE 9TH
So Cal Henvy batting - Pitching for St Charles Sheens : LHP Ben Moody
Pitching: RHP Juan Rivera
Now in LF: Marcos Cantú
Batting: RHB Rubén Calderón 0-0: Foul Ball, location: 2F
0-1: Foul Ball, location: 2F
0-2: Foul Ball, location: 2F
0-2: Ball
1-2: Foul Ball, location: 2F
1-2: Fly out, F9 (Flyball, 9LS)
Batting: RHB Lawrence Schroeder 0-0: Foul Ball, location: 2F
0-1: Ball
1-1: Swinging Strike
1-2: Ball
2-2: Ball
3-2: Foul Ball, location: 2F
3-2: DOUBLE (Line Drive, 7LD)
Batting: LHB Doyle Otterburn 0-0: Ball
1-0: Ground out 4-3 (Groundball, 4)
Lawrence Schroeder to third
Batting: RHB Morgan Gibbon 0-0: Ball
1-0: DOUBLE (Line Drive, 8RXD)
Lawrence Schroeder scores
Pitching: RHP Álex Villegas
Batting: LHB Fernando De La Cruz 0-0: Ball
1-0: Ball
2-0: Called Strike
2-1: Ball
3-1: Foul Ball, location: 2F
3-2: Base on Balls
Batting: RHB Greg Handrahan 0-0: Swinging Strike
0-1: Foul Ball, location: 2F
0-2: SINGLE (Groundball, 56D)
Morgan Gibbon to third
Fernando De La Cruz to second
Runner from 3rd tries for Home, SAFE, throw made at trailing runner, SAFE at third!
Batting: RHB William Richardson 0-0: Called Strike
0-1: Foul Ball, location: 2F
0-2: Foul Ball, location: 2F
0-2: Ball
1-2: Ball
2-2: Ball
3-2: Base on Balls
Greg Handrahan to second
Pitching: RHP Jeff Lynn
Batting: RHB Earl Wiggins 0-0: Called Strike
0-1: Swinging Strike
0-2: Foul Ball, location: 2F
0-2: Strikes out swinging
Bottom of the 9th over - 2 run(s), 3 hit(s), 0 error(s), 3 left on base; St Charles 5 - So Cal 5
TOP OF THE 10TH
St Charles Sheens batting - Pitching for So Cal Henvy : RHP Jerry Good
Batting: LHB Stan Bates 0-0: Called Strike
0-1: Ball
1-1: Foul Ball, location: 2F
1-2: Strikes out swinging
Batting: RHB Max Rash 0-0: Called Strike
0-1: Foul Ball, location: 2F
0-2: Ball
1-2: Foul Ball, location: 2F
1-2: Strikes out swinging
Batting: LHB Tanyu Imai 0-0: Swinging Strike
0-1: Ball
1-1: Ground out 4-3 (Groundball, 4M)
Top of the 10th over - 0 run(s), 0 hit(s), 0 error(s), 0 left on base; St Charles 5 - So Cal 5
BOTTOM OF THE 10TH
So Cal Henvy batting - Pitching for St Charles Sheens : RHP Jeff Lynn
Batting: LHB César Valentín 0-0: Called Strike
0-1: Ground out 4-3 (Groundball, 4)
Batting: RHB Rubén Calderón 0-0: Fly out, F8 (Line Drive, 8RD)
Batting: RHB Lawrence Schroeder 0-0: Foul Ball, location: 2F
0-1: Ball
1-1: Swinging Strike
1-2: Ball
2-2: Fly out, F7 (Flyball, 7LD)
Bottom of the 10th over - 0 run(s), 0 hit(s), 0 error(s), 0 left on base; St Charles 5 - So Cal 5
TOP OF THE 11TH
St Charles Sheens batting - Pitching for So Cal Henvy : RHP Jerry Good
Pitching: LHP Jesús González
Pinch Hitting: RHB Judson Backstrom 0-0: Ball
1-0: Ground out 4-3 (Groundball, 34)
Batting: RHB Kel Pierce 0-0: Ball
1-0: Foul Ball, location: 2F
1-1: Ball
2-1: Ball
3-1: Base on Balls
Pinch Hitting: RHB Ben Dougherty 0-0: Ball
1-0: Called Strike
1-1: Ball
2-1: Ball
Kel Pierce steals 2nd base
3-1: Intentional Walk
Pinch Hitting: RHB Dan Tyler 0-0: Called Strike
Kel Pierce steals 3rd base
Ben Dougherty to second
0-1: Ball
1-1: Intentional Walk
Pinch Hitting: RHB Júlio Figueroa 0-0: Ball
1-0: Grounds into fielders choice 6-2 (Groundball, 56)
Ben Dougherty to third
Dan Tyler to second
Batting: LHB Larry Howard 0-0: Ball
1-0: DOUBLE (Groundball, 3L)
Ben Dougherty scores
Dan Tyler scores
Júlio Figueroa to third
Runner from 3rd tries for Home, throw and OUT!
Top of the 11th over - 2 run(s), 1 hit(s), 0 error(s), 1 left on base; St Charles 7 - So Cal 5
BOTTOM OF THE 11TH
So Cal Henvy batting - Pitching for St Charles Sheens : RHP Jeff Lynn
Pitching: RHP Larry Stewart
Now at C: Júlio Figueroa
Now at SS: Sergio Pujols
Now in LF: Alfredo Hernández
Now in CF: Dan Tyler
Batting: LHB Doyle Otterburn 0-0: Fly out, F8 (Flyball, 8RD)
Batting: RHB Morgan Gibbon 0-0: SINGLE (Flyball, 8LS)
Batting: LHB Fernando De La Cruz 0-0: SINGLE (Line Drive, 4MD)
Morgan Gibbon to second
Batting: RHB Greg Handrahan 0-0: Ball
1-0: Called Strike
1-1: Grounds into double play, 6-4-3 (Groundball, 6M)
Bottom of the 11th over - 0 run(s), 2 hit(s), 0 error(s), 1 left on base; St Charles 7 - So Cal 5
Thursday, March 30th, 2017 - OOTP Baseball 17.12 Build 75